 Dungeon Crawl Stone Soup version 0.29-a0-1033-gb6c65ffae6 (webtiles) character file.

Game seed: 14187659692333751949

84 hikkokomori the Shooter (level 4, 0/38 HPs)
             Began as a Minotaur Hunter on Aug 14, 2022.
             Slain by a gnoll
             ... wielding a +1 flail of protection
              (11 damage)
             ... on level 2 of the Dungeon on Aug 15, 2022.
             The game lasted 00:02:08 (1347 turns).

hikkokomori the Shooter (Minotaur Hunter)           Turns: 1347, Time: 00:02:09

Health: 0/38       AC:  3    Str: 18    XL:     4   Next: 23%
Magic:  3/3        EV: 12    Int:  6    God:
Gold:   101        SH:  0    Dex: 13    Spells: 3/3 levels left

rFire   . . .      SeeInvis .   a - +0 shortbow
rCold   . . .      Faith    .   (shield currently unavailable)
rNeg    . . .      Spirit   .   c - +0 leather armour
rPois   .          Reflect  .   (helmet restricted)
rElec   .          Harm     .   (no cloak)
rCorr   .          Rampage  .   (no gloves)
Will    .....                   (no boots)
Stlth   ++........              (no amulet)
HPRegen 0.12/turn               (no ring)
MPRegen 0.08/turn               (no ring)

@: no status effects
A: horns 2, retaliatory headbutt
a: no special abilities


You were on level 2 of the Dungeon.
You visited 1 branch of the dungeon, and saw 2 of its levels.

You collected 101 gold pieces.

Inventory:

Hand Weapons
 a - a +0 shortbow (weapon)
 l - a +0 morningstar
Armour
 c - a +0 leather armour (worn)
Scrolls
 b - a scroll of immolation
 d - 2 scrolls of enchant weapon {unknown}
 e - a scroll of silence {unknown}
 j - a scroll of teleportation {unknown}
 m - a scroll of magic mapping {unknown}
 o - a scroll of butterflies {unknown}
Potions
 f - a potion of degeneration {unknown}
 g - a potion of haste {unknown}
 h - 2 potions of heal wounds {unknown}
 i - 3 potions of ambrosia {unknown}
 k - a potion of cancellation {unknown}
 n - 2 potions of invisibility {unknown}
 p - a potion of curing {unknown}
 q - a potion of mutation {unknown}


   Skills:
 + Level 3.4 Fighting
 + Level 4.9 Ranged Weapons
 + Level 3.1 Dodging
 + Level 1.9 Stealth


You had 3 spell levels left.
You didn't know any spells.
Your spell library was empty.

Dungeon Overview and Level Annotations

Branches:
Dungeon (2/15)

Altars:


Innate Abilities, Weirdness & Mutations

You have a pair of horns on your head.
You reflexively headbutt those who attack you in melee.


Message History

There are monsters nearby!
There are monsters nearby!
You shoot an arrow. The arrow completely misses the gnoll.
The gnoll shouts!
You shoot an arrow. The arrow hits the gnoll.
The gnoll is lightly wounded.
The gnoll misses you.
You shoot an arrow. The arrow hits the gnoll.
The gnoll is heavily wounded.
The gnoll barely misses you.
You shoot an arrow. The arrow hits the gnoll!
You kill the gnoll!
The gnoll hits you from afar with a +0 spear.
The gnoll misses you.
You shoot an arrow. The arrow hits the gnoll.
The gnoll is heavily wounded.
The gnoll hits you from afar with a +0 spear.
The gnoll hits you with a +1 flail of protection!
The gnoll completely misses you.
You shoot an arrow.
The arrow hits the gnoll but does no damage.
The gnoll is heavily wounded.
The gnoll closely misses you. x2; The gnoll barely misses you.
The gnoll closely misses you. The gnoll barely misses you. x2
You shoot an arrow. The arrow hits the gnoll.
The gnoll is almost dead.
The gnoll hits you from afar with a +0 spear.
The gnoll hits you with a +1 flail of protection.
The gnoll closely misses you.
You shoot an arrow.
The arrow hits the gnoll but does no damage.
The gnoll is almost dead.
A frilled lizard comes into view.
The gnoll hits you with a +1 flail of protection!
The gnoll hits you from afar with a +0 spear.
* * * LOW HITPOINT WARNING * * *
The gnoll barely misses you. The gnoll attacks as you move away!
The gnoll hits you with a +1 flail of protection!
You die...

#.......... #..........#
###### #..........#
.....## #..........#
####..# #..........+
##.#######.......†..#
#..##.......#....).
######.##.......#..#####
........'.......@)....>.
######..#†......#gg...##
##.#.......#g......
#..########...#.#l ##.#
.$...# #.## .#...#
####..# .#.#.# #.....##
.#.#.# #......#


You could see 3 gnolls and a frilled lizard (wandering).

Vanquished Creatures
  A gnoll (D:2)
  3 adders (D:2)
  4 dart slugs
  2 ball pythons (D:1)
  3 bats
  2 endoplasms (D:1)
  2 giant cockroaches (D:1)
  5 goblins
  4 jackals (D:2)
  5 kobolds
  A quokka (D:1)
  2 frilled lizards (D:1)
  4 rats
38 creatures vanquished.

Notes
Turn   | Place    | Note
-------+----------+-------------------------------------------
     0 | D:1      | hikkokomori the Minotaur Hunter began the quest for the
                  | Orb.
     0 | D:1      | Reached XP level 1. HP: 18/18 MP: 0/0
    72 | D:1      | Reached skill level 1 in Stealth
   168 | D:1      | Reached XP level 2. HP: 24/25 MP: 1/1
   439 | D:1      | Found a faded altar of an unknown god.
   509 | D:1      | Reached XP level 3. HP: 31/31 MP: 2/2
  1008 | D:2      | Reached XP level 4. HP: 31/38 MP: 3/3
  1347 | D:2      | Slain by a gnoll

Illustrated notes

Levels and vault maps discovered:
D:1:      evilmike_arrival_home_sweet_home, layout_basic,
          shapermc_ecumenical_altar_gd
D:2:      minmay_general_purpose_star, layout_basic

Skill      XL: |  1  2  3 |
---------------+----------+-----
Stealth        | 1 |  1.9
Fighting       | 3 |  3.4
Dodging        | 3 |  3.1
Ranged Weapons | |  4.9

Action                   |  1- 3 |  4- 6 || total
-------------------------+-------+-------++-------
 Fire: Shortbow          |    88 |    23 ||   111
Armor: Leather armour    |    12 |       ||    12
Dodge: Dodged            |    29 |    18 ||    47

Table legend: (Time is in decaauts)
 A = Elapsed time spent in this place.
 B = Non-inter-level travel time spent in this place.
 C = Inter-level travel time spent in this place.
 D = Time resting spent in this place.
 E = Time spent auto-exploring this place.
 F = Levels seen in this place.
 G = Mean time per level.
                   A        B        C        D        E       F      G
               +--------+--------+--------+--------+--------+-----+--------+
         Total |   1380 |   1346 |     34 |      0 |   1073 |   2 |  690.0 |
       Dungeon |   1380 |   1346 |     34 |      0 |   1073 |   2 |  690.0 |
               +--------+--------+--------+--------+--------+-----+--------+

Top non-repeatable levels by time:
     D:2: 723 daAuts
     D:1: 656 daAuts
